 Dungeon Crawl Stone Soup version 0.21-a0-258-g4c0eb85 (webtiles) character file.

8767 tidbits the Martial Artist (level 10, -4/84 HPs)
             Began as a Demigod Transmuter on Sept 6, 2017.
             Slain by a manticore (21 damage)
             ... on level 11 of the Dungeon.
             The game lasted 01:09:21 (6210 turns).

tidbits the Martial Artist (Demigod Transmuter)     Turns: 6210, Time: 01:09:22

Health: -4/84      AC:  2    Str: 13    XL:     10   Next: 91%
Magic:  23/28      EV: 26    Int: 23    God:
Gold:   798        SH:  0    Dex: 21    Spells: 4/17 levels left

rFire    . . .     SeeInvis .     - Unarmed
rCold    . . .     Gourm    .   (shield currently unavailable)
rNeg     . . .     Faith    .   (armour currently unavailable)
rPois    x         Spirit   .   (helmet currently unavailable)
rElec    .         Reflect  .   (cloak currently unavailable)
rCorr    .         Harm     .   (gloves currently unavailable)
MR       +....                  (boots currently unavailable)
Stlth    ++........             (no amulet)
HPRegen  0.24/turn              W - ring of wizardry
MPRegen  0.21/turn              p - ring of magical power

@: about to teleport, spider-form, barbed spikes
A: high mp 1
a: End Transformation


You were on level 11 of the Dungeon.
You were hungry.
You were a venomous arachnid creature.
You visited 1 branch of the dungeon, and saw 11 of its levels.
You also visited: Ossuary.

You collected 798 gold pieces.

Inventory:

Hand Weapons
 b - a +0 hunting sling (melded)
 N - a cursed -2 whip
 U - the +3 war axe "Comahu" {flame, SInv}
   (You found it on level 7 of the Dungeon)

   It has been specially enchanted to burn those struck by it, causing extra
   injury to most foes and up to half again as much damage against particularly
   susceptible opponents.
   Big, fiery blades are also staple armaments of hydra-hunters.
   It lets you see invisible.
 X - a +1 lajatang of pain
   (You found it on level 7 of the Dungeon)
Missiles
 e - 129 arrows
 l - 37 stones
 q - 15 poisoned needles
 A - 3 javelins (quivered)
 V - 45 sling bullets
Armour
 B - the +1 robe of Hide-and-Seek (melded) {Int+2}
   (You found it on level 4 of the Dungeon)

   It affects your intelligence (+2).
 F - a +0 pair of boots (melded)
 G - a +0 pair of gloves (melded)
 H - a +0 robe of positive energy
   (You took it off Pikel on level 6 of the Dungeon)
 K - a +1 robe of magic resistance
   (You took it off an orc wizard on level 10 of the Dungeon)
 R - a +2 leather armour of fire resistance
   (You took it off an orc priest on level 8 of the Dungeon)
Jewellery
 a - an uncursed ring of protection from fire
   (You took it off an orc on level 8 of the Dungeon)
 o - an uncursed ring of stealth
   (You found it on level 4 of the Dungeon)
 p - a ring of magical power (right front leg)
   (You found it on level 9 of the Dungeon)
 u - an uncursed ring of teleportation
   (You found it on level 2 of the Dungeon)
 L - an uncursed ring of wizardry
   (You found it on level 6 of the Dungeon)
 W - a ring of wizardry (left front leg)
   (You found it on level 1 of the Dungeon)
Wands
 v - a wand of iceblast (6/15)
Scrolls
 k - 4 scrolls of enchant armour
 m - 3 scrolls of recharging
 n - a scroll of enchant weapon {unknown}
 r - 7 scrolls of remove curse
 s - 3 scrolls of blinking {unknown}
 t - a scroll of immolation {unknown}
 y - a scroll of teleportation
 C - 2 scrolls of fear {unknown}
 J - 2 scrolls of amnesia {unknown}
 Q - a scroll of noise {unknown}
 S - 2 scrolls of holy word {unknown}
 T - 2 scrolls of fog {unknown}
Potions
 f - 4 potions of flight
 g - a potion of magic
 i - a potion of ambrosia
 w - 9 potions of curing
 z - a potion of heal wounds
 E - 2 potions of resistance
 I - a potion of haste
 M - a potion of berserk rage {unknown}
 O - a potion of brilliance {unknown}
Books
 c - a book of Changes

   Spells                             Type                      Level
   a - Beastly Appendage              Transmutation                1
   b - Sticks to Snakes               Transmutation                2
   c - Spider Form                    Transmutation/Poison         3
   d - Ice Form                       Ice/Transmutation            4
   e - Blade Hands                    Transmutation                5
 j - a book of Maledictions
   (You found it on level 8 of the Dungeon)

   Spells                             Type                      Level
   a - Corona                         Hexes                        1
   b - Ensorcelled Hibernation        Hexes/Ice                    2
   c - Confuse                        Hexes                        3
   d - Tukima's Dance                 Hexes                        3
   e - Dazzling Spray                 Conjuration/Hexes            3
 P - a book of Cantrips
   (You found it on level 7 of the Dungeon)

   Spells                             Type                      Level
   a - Confusing Touch                Hexes                        1
   b - Animate Skeleton               Necromancy                   1
   c - Summon Small Mammal            Summoning                    1
   d - Apportation                    Translocation                1
Comestibles
 d - 7 bread rations
 h - 6 chunks of flesh
 x - 16 fruits
 D - 6 meat rations
 Y - 5 royal jellies


   Skills:
 + Level 6.4 Fighting
 + Level 6.4 Dodging
 - Level 1.9 Stealth
 * Level 10.4 Unarmed Combat
 - Level 4.1 Spellcasting
 - Level 3.0 Necromancy
 - Level 1.6 Translocations
 - Level 6.3 Transmutations


You had 4 spell levels left.
You knew the following spells:

 Your Spells              Type           Power        Failure   Level  Hunger
a - Apportation           Tloc           ##....       6%          1    None
e - Beastly Appendage     Tmut           ####..       1%          1    None
h - Blade Hands           Tmut           ####......   19%         5    ######.
k - Sticks to Snakes      Tmut           ####....     2%          2    #......
n - Animate Skeleton      Necr           N/A          4%          1    None
p - Spider Form           Tmut/Pois      ###.......   9%          3    ##.....


Dungeon Overview and Level Annotations

Branches:
Dungeon (11/15)            Temple (0/1) D:4             Orc (0/2) D:11
   Lair: D:8-11

Shops:
D:6 (


Innate Abilities, Weirdness & Mutations

You have an increased reservoir of magic. (+10% MP)


Message History

Orders for allies: a - Attack new target. r - Retreat! s - Stop attacking. g - Guard the area. f - Follow me.
Anything else - Cancel.
Gang up on whom?
Press: ? - help, Dir - move target cursor, f - soldier ant
Aim: a soldier ant Attack!
You hit the soldier ant.
The soldier ant is poisoned.
The soldier ant is lightly wounded.
The soldier ant completely misses you.
Your ugly thing skeleton hits the soldier ant.
You hit the soldier ant but do no damage.
The soldier ant looks as sick as possible!
The soldier ant is lightly wounded.
Your black bear skeleton bites the soldier ant but does no damage.
Your black bear skeleton claws the soldier ant but does no damage.
Your black bear skeleton claws the soldier ant.
The soldier ant stings your black bear skeleton!
You bite the soldier ant!
The soldier ant looks as sick as possible!
The soldier ant is almost dead.
You kill the soldier ant!
You swap places.
Your transformation is almost over.
You see here a soldier ant corpse.
A manticore comes into view.
You swap places.
Unknown command.
You are feeling hungry.
You see here a soldier ant corpse.
A crimson imp comes into view.
You bite the crimson imp!
The crimson imp looks as sick as possible!
The crimson imp is severely wounded.
Your transformation has ended.
Your +0 hunting sling unmelds from your body.
Your +0 pair of gloves unmelds from your body.
Your +0 pair of boots unmelds from your body.
The +1 robe of Hide-and-Seek {Int+2} unmelds from your body.
Really attack while wielding your +0 hunting sling? [Y]es or [N]o only, please.
Really attack while wielding your +0 hunting sling?
Okay, then.
Really attack while wielding your +0 hunting sling?
Okay, then.
You swap places.
The crimson imp hits you but does no damage.
Your ugly thing skeleton hits the crimson imp!
The crimson imp dies!
You swap places.
What are your orders? t - Shout!
Orders for allies: a - Attack new target. r - Retreat! s - Stop attacking. g - Guard the area. f - Follow me.
Anything else - Cancel.
Gang up on whom?
Press: ? - help, Dir - move target cursor, f - manticore
Aim: a manticore Attack!
The manticore bites your ugly thing skeleton!!
The manticore claws your ugly thing skeleton!
The manticore completely misses your ugly thing skeleton.
Your ugly thing skeleton hits the manticore.
Casting: Animate Skeleton
Confirm with . or Enter, or press ? or * to list all spells.
You turn into a venomous arachnid creature.
Your +0 hunting sling melds into your body.
Your +0 pair of gloves melds into your body.
Your +0 pair of boots melds into your body.
The +1 robe of Hide-and-Seek {Int+2} melds into your body.
Your black bear skeleton bites the manticore but does no damage.
Your black bear skeleton barely misses the manticore.
Your black bear skeleton claws the manticore.
The manticore bites your ugly thing skeleton!!
Your ugly thing skeleton is destroyed!
Okay, then.
Okay, then.
Casting: Spider Form
Confirm with . or Enter, or press ? or * to list all spells.
You create a snake!
You now have 129 arrows.
Your black bear skeleton barely misses the manticore.
Your black bear skeleton claws the manticore.
Your black bear skeleton claws the manticore but does no damage.
The manticore flicks its tail.
The volley of spikes hits you!
The barbed spikes become lodged in your body.
* * * LOW HITPOINT WARNING * * *
Okay, then.
Unknown command.
As you read the scroll of teleportation, it crumbles to dust.
You feel strangely unstable.
Your black bear skeleton bites the manticore but does no damage.
Your black bear skeleton claws the manticore but does no damage.
Your black bear skeleton claws the manticore.
You bite the manticore!
The manticore is poisoned.
The manticore is moderately wounded.
The manticore bites you!!
You die...

#.#..........##......H..
#)...........##..≈≈.....
.)...........##..≈≈≈...#
))#.#####....##........#
....# #....##........#
!...# #..............#
.#..# #####.†#######.#
.#### #..#######.# .#
#.ZHsS...... .#
##.#######.# .# #.# #..
##'# .. ... ... ....


You could see a manticore, a friendly adder and a friendly black bear skeleton.

Vanquished Creatures
  A centaur warrior (D:11)
  A hydra (D:9)
  A two-headed ogre (D:8)
  Erica (D:9)
  Pikel (D:6)
  An ugly thing (D:11)
  Joseph (D:8)
  2 dream sheep (D:9)
  2 yaks (D:9)
  Eustachio (D:4)
  Edmund (D:6)
  A soldier ant (D:11)
  A slave (D:6)
  5 ice beasts
  2 ogres
  2 black bears
  2 phantoms (D:9)
  An orc warrior (D:7)
  A sky beast (D:6)
  An eye of draining (D:9)
  A necrophage (D:4)
  6 centaurs
  7 bullfrogs
  3 big kobolds (D:9)
  3 scorpions
  5 howler monkeys
  A bullfrog zombie (D:8)
  A crimson imp (D:5)
  A quasit (D:5)
  3 jellies
  A centaur zombie (D:6)
  4 hounds
  2 centaur skeletons (D:4)
  5 orc priests
  3 bullfrog skeletons
  7 worker ants
  Ijyb (D:3)
  An iguana (D:9)
  An orc wizard (D:4)
  A killer bee zombie (D:8)
  A big kobold zombie (Ossuary)
  7 mummies (Ossuary)
  4 gnolls (D:6)
  12 adders
  2 shadow imps
  An adder zombie (D:8)
  4 worms
  A leopard gecko (D:5)
  26 orcs
  5 giant cockroaches
  6 goblins
  2 hobgoblins
  8 jackals
  4 quokkas
  4 bats
  3 frilled lizards
  A goblin skeleton (D:6)
  3 hobgoblin zombies (D:6)
  A jackal skeleton (D:4)
  3 kobolds
  2 kobold zombies (Ossuary)
  3 orc skeletons (D:6)
  An orc zombie (Ossuary)
  2 quokka skeletons
  A quokka zombie (D:6)
  6 rats
199 creatures vanquished.

Vanquished Creatures (collateral kills)
  Menkaure (D:4)
  A hungry ghost (D:8)
  An ice beast (D:9)
  2 ogres
  A centaur (D:11)
  A bullfrog (D:8)
  A scorpion (D:9)
  A crimson imp (D:11)
  A jelly (D:11)
  An orc wizard (D:10)
  An iguana (D:5)
  A worker ant (D:8)
  A mummy (Ossuary)
  A shadow imp (D:8)
  A worm (D:3)
  2 leopard geckos
  8 orcs
  A giant cockroach (D:3)
  A frilled lizard (D:4)
  2 hobgoblin zombies (Ossuary)
  2 orc zombies (Ossuary)
  A quokka zombie (D:9)
33 creatures vanquished.

Vanquished Creatures (others)
  A plant (D:9)
1 creature vanquished.

Grand Total: 233 creatures vanquished

Notes
Turn   | Place    | Note
-------+----------+-------------------------------------------
     0 | D:1      | tidbits the Demigod Transmuter began the quest for the Orb.
     0 | D:1      | Reached XP level 1. HP: 15/15 MP: 5/5
    89 | D:1      | Reached skill level 2 in Spellcasting
   273 | D:1      | Reached skill level 2 in Transmutations
   536 | D:1      | Reached XP level 2. HP: 21/22 MP: 5/7
   674 | D:2      | Learned a level 2 spell: Sticks to Snakes
   781 | D:2      | Found an ornate altar of the Wu Jian Council.
   781 | D:2      | Found a white marble altar of Elyvilon.
   872 | D:2      | Reached XP level 3. HP: 16/27 MP: 4/8
   878 | D:2      | Learned a level 3 spell: Spider Form
   948 | D:4      | Noticed a necrophage
   958 | D:4      | Killed a necrophage
   958 | D:4      | Reached skill level 3 in Unarmed Combat
   958 | D:4      | Reached skill level 3 in Transmutations
   958 | D:4      | Reached XP level 4. HP: 20/34 MP: 0/9
   972 | D:4      | Found a basalt altar of Yredelemnul.
  1011 | D:4      | Reached skill level 4 in Unarmed Combat
  1013 | D:4      | Noticed Eustachio
  1305 | D:3      | Noticed Ijyb
  1346 | D:3      | Reached XP level 5. HP: 29/39 MP: 6/10
  1395 | D:3      | Killed Ijyb
  1926 | D:4      | Reached skill level 4 in Transmutations
  1946 | D:4      | Reached skill level 5 in Unarmed Combat
  1995 | D:4      | Reached skill level 1 in Fighting
  2006 | D:4      | Reached XP level 6. HP: 28/47 MP: 4/11
  2007 | D:4      | Noticed Menkaure
  2038 | D:4      | Killed Menkaure
  2038 | D:4      | Reached skill level 2 in Dodging
  2092 | D:4      | Killed Eustachio
  2092 | D:4      | Reached skill level 2 in Fighting
  2113 | D:4      | Got a distressingly furry robe
  2124 | D:4      | Identified the +1 robe of Hide-and-Seek {Int+2} (You found it on level 4 of the Dungeon)
  2156 | D:4      | Found a staircase to the Ecumenical Temple.
  2164 | D:4      | Reached skill level 6 in Unarmed Combat
  2164 | D:4      | Reached XP level 7. HP: 6/56 MP: 5/13
  2388 | D:5      | Entered Level 5 of the Dungeon
  2388 | D:5      | Found a sacrificial altar of Ru.
  2484 | D:5      | Reached skill level 3 in Dodging
  2601 | D:5      | Found a sand-covered staircase.
  2609 | Ossuary  | Entered an ossuary
  2672 | Ossuary  | Reached skill level 3 in Fighting
  2953 | D:5      | Found a hazy altar of Hepliaklqana.
  3173 | D:6      | Found Nanoh's Weapon Shoppe.
  3245 | D:6      | Found a glowing golden altar of the Shining One.
  3316 | D:6      | Noticed Pikel
  3333 | D:6      | Killed Pikel
  3333 | D:6      | Reached skill level 1 in Stealth
  3333 | D:6      | Reached skill level 7 in Unarmed Combat
  3333 | D:6      | Reached XP level 8. HP: 60/66 MP: 9/14
  3392 | D:6      | Noticed Edmund
  3416 | D:6      | Killed Edmund
  3416 | D:6      | Reached skill level 4 in Fighting
  3416 | D:6      | Reached skill level 4 in Dodging
  3510 | D:6      | Reached skill level 8 in Unarmed Combat
  3558 | D:6      | Found a sparkling altar of Nemelex Xobeh.
  3965 | D:5      | Found an iron altar of Okawaru.
  3965 | D:5      | Found a shattered altar of Ashenzari.
  4061 | D:5      | Learned a level 5 spell: Blade Hands
  4309 | D:7      | Reached XP level 9. HP: 56/72 MP: 10/15
  4334 | D:7      | Learned a level 1 spell: Animate Skeleton
  4344 | D:7      | Found a bloodstained altar of Trog.
  4411 | D:8      | Reached skill level 1 in Necromancy
  4482 | D:8      | Reached skill level 5 in Transmutations
  4506 | D:8      | Noticed a two-headed ogre
  4545 | D:8      | Killed a two-headed ogre
  4545 | D:8      | Reached skill level 3 in Spellcasting
  4545 | D:8      | Reached skill level 3 in Necromancy
  4602 | D:8      | Reached skill level 6 in Transmutations
  4607 | D:8      | Learned a level 1 spell: Apportation
  4863 | D:7      | Reached skill level 1 in Translocations
  4886 | D:7      | Got a faintly glowing war axe
  4916 | D:7      | Identified the +3 war axe "Comahu" {flame, SInv} (You found it on level 7 of the Dungeon)
  5118 | D:8      | Noticed Joseph
  5126 | D:8      | Killed Joseph
  5126 | D:8      | Reached skill level 4 in Spellcasting
  5219 | D:8      | Found a snail-covered altar of Cheibriados.
  5280 | D:9      | Found a hide-covered altar of Uskayaw.
  5350 | D:8      | Reached XP level 10. HP: 33/80 MP: 2/19
  5353 | D:8      | Reached skill level 5 in Fighting
  5409 | D:8      | Reached skill level 5 in Dodging
  5518 | D:9      | Noticed Erica
  5539 | D:9      | Killed Erica
  5539 | D:9      | Reached skill level 9 in Unarmed Combat
  5636 | D:9      | Noticed a two-headed hydra
  5670 | D:9      | Killed a two-headed hydra
  5783 | D:9      | Reached skill level 6 in Fighting
  5924 | D:10     | Entered Level 10 of the Dungeon
  5933 | D:10     | Reached skill level 6 in Dodging
  5946 | D:10     | Reached skill level 10 in Unarmed Combat
  6053 | D:11     | Found a staircase to the Orcish Mines.
  6058 | D:11     | Noticed a green ugly thing
  6091 | D:11     | Found a sacrificial altar of Ru.
  6099 | D:11     | Killed a green ugly thing
  6121 | D:11     | Noticed a centaur warrior
  6130 | D:11     | Killed a centaur warrior
  6196 | D:11     | Noticed a manticore
  6210 | D:11     | Slain by a manticore

Vault maps used:
D:1:      lightli_arrival_lavapool, minivault_11
D:2:      grunt_temple_overflow_open
D:3:      palyth_stone_intersect, uniq_ijyb
D:4:      lemuel_doored_altar, minmay_temple_entry_glassed_door, first_bread,
          corexii_shack, uniq_eustachio, uniq_menkaure
D:5:      hangedman_ru_absence, lemuel_round_altar,
          gammafunk_temple_overflow_wave, chequers_ossuary_entry_cave
D:6:      nemelex_xobeh_ov_fountains_minmay, nicolae_tso_besieged_by_evil,
          serial_shops, shop, uniq_pikel, uniq_edmund
D:7:      kennysheep_little_box
D:8:      cheibriados_altar_1, zin_scriptorium, uniq_joseph
D:9:      basic_altar, hangedman_ranch, uniq_erica
D:10:     minmay_lair_entry_lava, grunt_dithmenos_smoke
D:11:     orc_0_dummy, david_defended_altar_elf
Ossuary:  ossuary_tomb_3

Skill      XL: |  1  2  3  4  5  6  7  8  9 10 |
---------------+-------------------------------+-----
Spellcasting   | 2 4 |  4.1
Transmutations | 2 3 4 6 |  6.3
Unarmed Combat | 3 4 5 6 7 8 10 | 10.4
Fighting       | 1 2 3 4 6 |  6.4
Dodging        | 2 3 4 6 |  6.4
Stealth        | 1 |  1.9
Necromancy     | 3 |  3.0
Translocations | 1 |  1.6

Action                   |  1- 3 |  4- 6 |  7- 9 | 10-12 || total
-------------------------+-------+-------+-------+-------++-------
Melee: Mace              |    28 |    11 |    12 |       ||    51
       Unarmed           |    15 |    84 |   247 |   101 ||   447
       Kick              |     6 |       |       |       ||     6
       Punch             |       |       |     4 |     1 ||     5
 Fire: Hunting sling     |    21 |    24 |    85 |     4 ||   134
Throw: Stone             |     1 |       |       |       ||     1
       Javelin           |       |       |     3 |       ||     3
 Cast: Beastly Appendage |    10 |     6 |       |       ||    16
       Sticks to Snakes  |     4 |     7 |    29 |    17 ||    57
       Spider Form       |     1 |    17 |    34 |     7 ||    59
       Blade Hands       |       |       |    12 |     9 ||    21
       Animate Skeleton  |       |       |     9 |     9 ||    18
 Abil: End Transformatio |       |     1 |     2 |     1 ||     4
Evoke: Wand              |       |     3 |     1 |     4 ||     8
  Use: Scroll            |     4 |     3 |     7 |     2 ||    16
       Potion            |       |     4 |       |     2 ||     6
 Stab: Distracted        |     1 |       |     2 |     1 ||     4
       Sleeping          |       |     1 |     2 |       ||     3
       Invisible         |       |     3 |       |       ||     3
  Eat: Chunk             |       |     7 |    13 |     5 ||    25
       Royal jelly       |       |       |     3 |       ||     3
       Fruit             |       |       |     1 |       ||     1
Armor: Robe              |     8 |     3 |     8 |     5 ||    24
       Skin              |     1 |     1 |     7 |       ||     9
Dodge: Dodged            |    21 |    62 |   185 |    99 ||   367

Table legend:
 A = Spawn XP
 B = Non-spawn XP
 C = Spawn XP percentage of total XP
 D = Spawn monster count
 E = Non-spawn monster count
 F = Spawn count percentage of total count
 G = Total turns spent on level
                    A         B        C        D         E        F      G
               +---------+---------+-------+---------+---------+-------+---------
         Total |       0 |   12525 |   0.0 |       0 |     231 |   0.0 |  6210
               +---------+---------+-------+---------+---------+-------+---------
           D:1 |       0 |      24 |   0.0 |       0 |      16 |   0.0 |   670
           D:2 |       0 |      49 |   0.0 |       0 |      13 |   0.0 |   364
           D:3 |       0 |      72 |   0.0 |       0 |      13 |   0.0 |   645
           D:4 |       0 |     992 |   0.0 |       0 |      34 |   0.0 |   711
           D:5 |       0 |     461 |   0.0 |       0 |      12 |   0.0 |   719
           D:6 |       0 |    1311 |   0.0 |       0 |      24 |   0.0 |   769
           D:7 |       0 |     798 |   0.0 |       0 |      15 |   0.0 |   621
           D:8 |       0 |    2740 |   0.0 |       0 |      39 |   0.0 |   672
           D:9 |       0 |    3228 |   0.0 |       0 |      22 |   0.0 |   455
          D:10 |       0 |     298 |   0.0 |       0 |      12 |   0.0 |   116
          D:11 |       0 |    2390 |   0.0 |       0 |      15 |   0.0 |   170
       Ossuary |       0 |     162 |   0.0 |       0 |      16 |   0.0 |   298
               +---------+---------+-------+---------+---------+-------+---------

Table legend:
 A = Turns spent in this place as a percentage of turns spent in the entire game.
 B = Non-inter-level travel turns spent in this place as a percentage of non-inter-level travel turns spent in the entire game.
 C = Inter-level travel turns spent in this place as a percentage of turns spent in this place.
 D = Turns resting spent in this place as a percentage of non-inter-level travel turns spent in this place.
 E = Turns spent auto-exploring this place as a percentage of non-inter-level travel turns spent in this place.
 F = Non-inter-level travel turns spent in this place divided by the number of levels of this place that you've seen.
                   A       B       C       D       E      F
               +-------+-------+-------+-------+-------+----------------------
         Total | 100.0 | 100.0 |   8.7 |   0.0 |   0.0 | 472.7
       Dungeon |  95.2 |  94.7 |   9.1 |   0.0 |   0.0 | 488.5
       Ossuary |   4.8 |   5.3 |   0.0 |   0.0 |   0.0 | 298.0
               +-------+-------+-------+-------+-------+----------------------

Table legend:
 A = Kills in this place as a percentage of kills in entire the game.
 B = Kills by you in this place as a percentage of kills by you in the entire game.
 C = Kills by friends in this place as a percentage of kills by friends in the entire game.
 D = Other kills in this place as a percentage of other kills in the entire game.
 E = Experience gained in this place as a percentage of experience gained in the entire game.
 F = Experience gained in this place divided by the number of levels of this place that you have seen.
                   A       B       C       D       E      F
               +-------+-------+-------+-------+-------+----------------------
         Total | 100.0 | 100.0 | 100.0 |   N/A | 100.0 | 1043.8
       Dungeon |  93.1 |  94.4 |  84.8 |   N/A |  98.7 | 1123.9
       Ossuary |   6.9 |   5.6 |  15.2 |   N/A |   1.3 | 162.0
               +-------+-------+-------+-------+-------+----------------------

Vault maps used:
D:1:      lightli_arrival_lavapool, minivault_11
D:2:      grunt_temple_overflow_open
D:3:      palyth_stone_intersect, uniq_ijyb
D:4:      lemuel_doored_altar, minmay_temple_entry_glassed_door, first_bread,
          corexii_shack, uniq_eustachio, uniq_menkaure
D:5:      hangedman_ru_absence, lemuel_round_altar,
          gammafunk_temple_overflow_wave, chequers_ossuary_entry_cave
D:6:      nemelex_xobeh_ov_fountains_minmay, nicolae_tso_besieged_by_evil,
          serial_shops, shop, uniq_pikel, uniq_edmund
D:7:      kennysheep_little_box
D:8:      cheibriados_altar_1, zin_scriptorium, uniq_joseph
D:9:      basic_altar, hangedman_ranch, uniq_erica
D:10:     minmay_lair_entry_lava, grunt_dithmenos_smoke
D:11:     orc_0_dummy, david_defended_altar_elf
Ossuary:  ossuary_tomb_3
